 Dungeon Crawl Stone Soup version 0.29.1-13-g9f3cf754e1 (webtiles) character file.

Game seed: 1040140011016385533

1128 LustLizard the Slicer (level 8, 0/48 HPs)
             Began as a Kobold Brigand on Feb 6, 2023.
             Was an Initiate of Nemelex Xobeh.
             Succumbed to a water moccasin's poison
             ... on level 6 of the Dungeon.
             The game lasted 00:13:19 (6536 turns).

LustLizard the Slicer (Kobold Brigand)              Turns: 6536, Time: 00:13:19

Health: 0/48       AC:  6    Str:  8    XL:     8   Next: 62%
Magic:  8/8        EV: 14    Int: 13    God:    Nemelex Xobeh [......]
Gold:   377        SH:  5    Dex: 18    Spells: 7/7 levels left

rFire   + . .      SeeInvis .   a - +3 dagger
rCold   . . .      Faith    .   (no shield)
rNeg    . . .      Spirit   .   n - +2 robe {rF+}
rPois   .          Reflect  +   s - +0 helmet
rElec   .          Harm     .   c - +0 cloak
rCorr   .          Rampage  .   (no gloves)
Will    +....                   (no boots)
Stlth   ++++......              m - amulet of reflection
HPRegen 0.16/turn               q - ring of willpower
MPRegen 0.11/turn               (no ring)

@: lethally poisoned (0 -> -15), flying
A: small, no large weapons, nightstalker 3
a: Renounce Religion, Draw Escape, Draw Destruction, Draw Summoning


You were on level 6 of the Dungeon.
You worshipped Nemelex Xobeh.
Nemelex Xobeh was noncommittal.
You visited 1 branch of the dungeon, and saw 6 of its levels.

You collected 377 gold pieces.

Inventory:

Hand Weapons
 a - a +3 dagger (weapon)
Missiles
 d - 6 poisoned darts (quivered)
 j - 56 stones
 t - 12 boomerangs
Armour
 b - a +0 robe
 c - a +0 cloak (worn)
 n - a +2 robe of fire resistance (worn)
 s - a +0 helmet (worn)
Jewellery
 m - an amulet of reflection (around neck)
 q - a ring of willpower (left hand)
 x - a ring of ice
Wands
 o - a wand of flame (18)
Scrolls
 i - 2 scrolls of amnesia {unknown}
 p - a scroll of magic mapping {unknown}
 r - a scroll of fear {unknown}
 u - a scroll of teleportation
 v - a scroll of enchant weapon {unknown}
 w - 2 scrolls of immolation
 y - a scroll of noise {unknown}
Potions
 f - a potion of resistance
 g - 2 potions of haste
 h - 2 potions of cancellation
 k - 4 potions of brilliance


   Skills:
 - Level 4.0 Fighting
 * Level 9.9 Short Blades
 - Level 6.0 Throwing
 - Level 1.2 Dodging
 - Level 6.0 Stealth


You had 7 spell levels left.
You didn't know any spells.
Your spell library was empty.

Dungeon Overview and Level Annotations

Branches:
Dungeon (6/15)
 Temple: D:4-7

Altars:
Ashenzari
Makhleb
Nemelex Xobeh
Zin

Annotations:
D:4 1 runed translucent door, Crazy Yiuf


Innate Abilities, Weirdness & Mutations

You are small and have problems with some larger weapons.
You are completely attuned to the shadows.


Message History

You miss the water moccasin.
The water moccasin is heavily wounded.
You feel sick. The water moccasin closely misses you.
You barely miss the water moccasin.
The water moccasin is heavily wounded.
You feel sick.
You hit the water moccasin but do no damage.
The water moccasin is heavily wounded.
The water moccasin misses you.
You hit the water moccasin.
The water moccasin is heavily wounded.
You feel sick. The water moccasin barely misses you.
You miss the water moccasin.
The water moccasin is heavily wounded.
You hit the water moccasin.
The water moccasin is severely wounded.
You feel sick.
The water moccasin bites you but does no damage.
You hit the water moccasin. Your punch misses the water moccasin.
The water moccasin is almost dead.
The water moccasin bites you.
* * * LOW HITPOINT WARNING * * *
You barely miss the water moccasin.
The water moccasin is almost dead.
You feel sick. The water moccasin bites you.
* * * LOW HITPOINT WARNING * * *
You are lethally poisoned!
The water moccasin poisons you!
You miss the water moccasin.
The water moccasin is almost dead.
* * * LOW HITPOINT WARNING * * *
You feel sick.
You miss the water moccasin.
The water moccasin is almost dead.
* * * LOW HITPOINT WARNING * * *
You feel sick. The water moccasin barely misses you.
You closely miss the water moccasin.
The water moccasin is almost dead.
You die...
Your body disappears without a glow.

##.# #..# #.#...###..#
## #......##..#####.#
#.#
#.....)...^.....#.##.#
#..S............#.#.#
#S...#.##.##.....>..####
#.####.##.##..#.#..<....
####.#
#S##...).....######
.S.S.# #.##.##S@#.#.#
###### #.##.##......#
#.........#.##
########.###.##### #<##
##..... ##)###.#####
##<#.## ##.## ###


You could see a water moccasin.

Vanquished Creatures
  Grinder (D:5)
  A black bear (D:5)
  An ogre (D:4)
  A centaur (D:6)
  A bullfrog (D:4)
  A scorpion (D:5)
  3 hounds (D:4)
  A gnoll bouda (D:6)
  An orc priest (D:4)
  7 iguanas
  An orc wizard (D:4)
  2 adders
  8 gnolls
  2 shadow imps
  A white imp (D:5)
  A worm (D:3)
  5 dart slugs
  7 orcs
  5 bats
  7 endoplasms
  5 giant cockroaches
  3 goblins
  17 hobgoblins
  2 jackals (D:3)
  7 quokkas
  5 ball pythons
  2 kobolds
  A rat (D:2)
99 creatures vanquished.

Vanquished Creatures (others)
  4 demonic plants (D:2)
  10 fungi
  8 plants (D:2)
  2 withered plants (D:2)
24 creatures vanquished.

Grand Total: 123 creatures vanquished

Notes
Turn   | Place    | Note
-------+----------+-------------------------------------------
     0 | D:1      | LustLizard the Kobold Brigand began the quest for the Orb.
     0 | D:1      | Reached XP level 1. HP: 12/12 MP: 1/1
   503 | D:1      | Reached skill level 3 in Short Blades
   509 | D:1      | Reached XP level 2. HP: 18/18 MP: 2/2
   841 | D:1      | Reached XP level 3. HP: 22/22 MP: 3/3
  1380 | D:2      | Found a faded altar of an unknown god.
  1532 | D:2      | Reached XP level 4. HP: 27/27 MP: 4/4
  1547 | D:2      | You fall into a shaft and drop 1 floor!
  1603 | D:3      | Reached skill level 4 in Short Blades
  2439 | D:3      | Found a burning altar of Makhleb.
  2439 | D:3      | Found a glowing silver altar of Zin.
  2440 | D:3      | Noticed an angel
  2440 | D:3      | Noticed a cacodemon
  2608 | D:3      | Reached XP level 5. HP: 20/32 MP: 5/5
  2756 | D:3      | Found a broken altar of Ashenzari.
  3309 | D:4      | Reached skill level 5 in Short Blades
  3425 | D:4      | Noticed an ogre
  3426 | D:4      | Killed an ogre
  3427 | D:4      | Reached XP level 6. HP: 37/37 MP: 6/6
  3479 | D:4      | Reached skill level 6 in Short Blades
  3527 | D:4      | Reached XP level 7. HP: 17/43 MP: 7/7
  3998 | D:4      | Found a runed translucent door.
  4001 | D:4      | Noticed Crazy Yiuf
  4132 | D:4      | Reached skill level 7 in Short Blades
  4654 | D:5      | Entered Level 5 of the Dungeon
  5121 | D:5      | Reached skill level 8 in Short Blades
  5388 | D:5      | Reached skill level 5 in Throwing
  5446 | D:5      | Noticed Grinder
  5466 | D:5      | Paralysed by Grinder for 2 turns
  5472 | D:5      | Killed Grinder
  5473 | D:5      | Reached skill level 9 in Short Blades
  5473 | D:5      | Reached XP level 8. HP: 47/48 MP: 8/8
  5581 | D:5      | Found a sparkling altar of Nemelex Xobeh.
  6098 | D:5      | Became a worshipper of Nemelex Xobeh the Trickster
  6535 | D:6      | HP: 2/48 [poisoned by a water moccasin]
  6536 | D:6      | Succumbed to a water moccasin's poison

Illustrated notes

Levels and vault maps discovered:
D:1:      scummos_arrival_star, layout_basic
D:2:      layout_loops_ring, shapermc_ecumenical_altar_gd
D:3:      layout_basic, grunt_temple_overflow_order_and_chaos_2,
          ashenzari_altar_1, chequers_serial_rivers_small_b
D:4:      layout_loops_ring, grunt_decor_resistance, uniq_crazy_yiuf_cottage
D:5:      layout_basic, kennysheep_little_box, serial_glass, glass_columns_a,
          glass_columns_c, glass_columns_b, glass_columns_a, glass_columns_b,
          glass_columns_a, uniq_grinder
D:6:      layout_loops_ring, uniq_prince_ribbit1

Skill      XL: |  1  2  3  4  5  6  7  8 |
---------------+-------------------------+-----
Short Blades   | 3 4 5 6 9 |  9.9
Throwing       | 3 4 5 6 |  6.0
Fighting       | 3 4 |  4.0
Stealth        | 6 |  6.0
Dodging        | |  1.2

Action                   |  1- 3 |  4- 6 |  7- 9 || total
-------------------------+-------+-------+-------++-------
Melee: Dagger            |    70 |   128 |   228 ||   426
       Punch             |     1 |     1 |     5 ||     7
Throw: Dart              |       |       |    18 ||    18
       Stone             |       |       |     3 ||     3
  Use: Scroll            |       |     2 |     4 ||     6
       Potion            |       |       |     2 ||     2
 Stab: Sleeping          |    23 |    12 |    10 ||    45
       Distracted        |       |     1 |     1 ||     2
Armor: Robe              |    10 |    26 |    19 ||    55
Dodge: Dodged            |    24 |    45 |    86 ||   155
Block: Other             |       |    23 |    36 ||    59
